 Dungeon Crawl Stone Soup version 0.29-a0-25-g7f48f510a0 (webtiles) character file.

Game seed: 5047002235252483745

14614 drugrobin the Impaler (level 11, -1/79 HPs)
             Began as a Demigod Warper on Jan 31, 2022.
             Shot with an arrow by a centaur warrior (6 damage)
             ... on level 13 of the Dungeon.
             The game lasted 00:52:43 (13153 turns).

drugrobin the Impaler (Demigod Warper)             Turns: 13153, Time: 00:52:44

Health: -1/79      AC: 10    Str: 16    XL:     11   Next: 60%
Magic:  26/26      EV: 11    Int: 23    God:
Gold:   30         SH:  0    Dex: 13    Spells: 5/13 levels left

rFire   . . .      SeeInvis +   a - +3 halberd (venom)
rCold   . . .      Faith    .   (shield currently unavailable)
rNeg    . . .      Spirit   .   m - +2 leather armour of Poor Excuses {+Blink Will+ Regen+}
rPois   .          Reflect  .   v - +1 hat of Eternity {SInv}
rElec   .          Harm     .   k - +2 cloak {rCorr}
rCorr   +          Rampage  .   q - +0 pair of gloves
Will    ++...                   (no boots)
Stlth   +.........              E - amulet of magic regeneration
HPRegen 1.03/turn               w - ring of magical power
MPRegen 0.60/turn               (no ring)

@: no status effects
A: high MP 1, forlorn, divine attributes
a: Evoke Blink


You were on level 13 of the Dungeon.
You visited 3 branches of the dungeon, and saw 17 of its levels.

You collected 774 gold pieces.
You spent 744 gold pieces at shops.

Inventory:

Hand Weapons
 a - a +3 halberd of venom (weapon)
 b - a +2 hand crossbow of flaming
 c - a +1 dagger of venom
Missiles
 d - 5 boomerangs of dispersal
 i - 33 poisoned darts
 j - 7 boomerangs
 o - 2 curare-tipped darts
 s - a javelin (quivered)
 J - 18 bolts
Armour
 k - a +2 cloak of preservation (worn)
 m - the +2 leather armour of Poor Excuses (worn) {+Blink Will+ Regen+}
   (You found it on level 2 of the Dungeon)

   +Blink:    It lets you blink.
   Regen:     It increases your rate of health regeneration.
   Will:      It increases your willpower.
 q - a +0 pair of gloves (worn)
 v - the +1 hat of Eternity (worn) {SInv}
   (You found it on level 8 of the Dungeon)

   SInv:      It lets you see invisible.
 G - a +2 robe of cold resistance
Jewellery
 w - a ring of magical power (left hand)
 E - an amulet of magic regeneration (around neck)
 K - a ring of see invisible
Wands
 n - a wand of polymorph (3)
 t - a wand of charming (11)
 z - a wand of iceblast (9)
 L - a wand of paralysis (7)
 M - a wand of flame (4)
Scrolls
 e - a scroll of fog {unknown}
 f - 4 scrolls of enchant armour
 g - a scroll of summoning {unknown}
 l - 3 scrolls of enchant weapon
 p - 3 scrolls of vulnerability
 u - 2 scrolls of torment {unknown}
 x - 3 scrolls of teleportation
 y - 4 scrolls of blinking
Potions
 h - a potion of lignification
 A - a potion of flight
 B - a potion of ambrosia {unknown}
 C - a potion of degeneration {unknown}
 D - 3 potions of berserk rage {unknown}
 F - a potion of invisibility {unknown}
 H - a potion of magic {unknown}
 I - 2 potions of heal wounds
 N - 2 potions of haste


   Skills:
 - Level 1.7 Fighting
 + Level 16.7 Polearms
 - Level 0.8 Throwing
 - Level 0.8 Armour
 - Level 1.7 Dodging
 - Level 1.7 Spellcasting
 - Level 2.6 Translocations
 + Level 5.3 Evocations


You had 5 spell levels left.
You knew the following spells:

 Your Spells              Type           Power      Damage    Failure   Level
a - Teleport Other        Tloc           14%        N/A       16%         3
b - Blink                 Tloc           28%        N/A       9%          2
c - Gell's Gravitas       Tloc           14%        N/A       16%         3

Your spell library contained the following spells:

 Spells                   Type           Power      Damage    Failure   Level
 Beastly Appendage        Tmut           4%         N/A       16%         1
 Lesser Beckoning         Tloc           14%        N/A       16%         3
 Wereblood                Tmut           2%         N/A       24%         2
 Spider Form              Tmut/Pois      2%         N/A       43%         3
 Manifold Assault         Tloc           14%        N/A       83%         5
 Olgreb's Toxic Radiance  Pois           2%         N/A       85%         4
 Ozocubu's Refrigeration  Ice            1%         4d5       100%        7
 Ignition                 Fire           1%         3d3       100%        8
 Chain Lightning          Conj/Air       1%         3d1       100%        9
 Fire Storm               Conj/Fire      1%         7d1       100%        9
 Shatter                  Erth           1%         3d5*      100%        9


Dungeon Overview and Level Annotations

Branches:
Dungeon (15/15)            Temple (1/1) D:7            Lair (1/6) D:9
    Orc (0/2) D:9          Depths (0/4) D:15
 Vaults: D:13-14

Shops:
D:2 (   D:3 *   D:4 **[   D:5 ?   D:12 *

Annotations:
D:1 Terence
D:7 exclusion: statue
D:13 1 runed translucent door


Innate Abilities, Weirdness & Mutations

You have an increased reservoir of magic. (+10% MP)
You shall have no god before yourself.
Your divine heritage dramatically boosts your attributes as you level up.


Message History

The centaur warrior is heavily wounded.
The centaur warrior hits you!
* * * LOW HITPOINT WARNING * * *
The centaur warrior kicks you but does no damage.
The centaur shoots an arrow.
The arrow closely misses you.
The centaur shoots an arrow.
The arrow barely misses you.
Unknown command.
Unknown command.
Unknown command.
Unknown command.
Unknown command.
Unknown command.
Unknown command.
Unknown command.
Unknown command.
Unknown command.
Unknown command.
Unknown command.
You hit the centaur warrior.
The centaur warrior looks as sick as possible!
The centaur warrior is heavily wounded.
The centaur warrior hits you.
* * * LOW HITPOINT WARNING * * *
The centaur warrior kicks you but does no damage.
The centaur shoots an arrow.
The arrow hits you but does no damage.
The centaur shoots an arrow.
The arrow hits you!
* * * LOW HITPOINT WARNING * * *
The centaur warrior barely misses you.
The centaur warrior kicks you but does no damage.
Unknown command.
Unknown command.
Unknown command.
Unknown command.
Unknown command.
Blink to where?
Press: ? - help, Dir - move target, p - centaur
As you read the scroll of blinking, it crumbles to dust.
The centaur warrior wields a +0 shortbow.
The centaur warrior shoots an arrow.
The arrow hits you.
You die...

#c. #.....#.## #.######
###.....#... ######
###*Qc).c###.....#######
o....#####...####ยง#......##
#.##.#.......c....#......##
#.D..........................
#W##.#............#.........#
#W##.#####...####.#......##.#
.F...# #......@.###.##.# .#
#o#### #...###### #....# #
#.# #T..# #.#### ..# ##...#
.# ### ### #....# #.. #
#....# #.# ####.###.#######
#...#...........# .
#..#.##...#####.#....


You could see a centaur warrior (extremely poisoned).

Vanquished Creatures
  2 boulder beetles
  3 two-headed ogres
  2 manticores
  A cyclops (D:11)
  A cane toad (Lair:1)
  Maurice (D:8)
  A kobold demonologist (D:13)
  2 trolls
  Grinder (D:6)
  A blink frog (D:9)
  2 slime creatures (D:14)
  8 yaks
  2 shadows
  A spriggan (D:8)
  A wyvern (D:8)
  Grum (D:8)
  4 vampire mosquitoes (D:13)
  A redback (shapeshifter) (D:13)
  A steam dragon (D:7)
  2 acid dragons
  4 orc warriors
  An ice beast (D:7)
  3 black bears
  2 necrophages
  4 ogres
  4 wolves (D:8)
  6 centaurs
  2 phantoms
  3 kobold brigands (D:9)
  2 bullfrogs
  2 scorpions
  A water moccasin zombie (D:7)
  A wyvern skeleton (D:7)
  2 water moccasin skeletons
  17 killer bees
  8 howler monkeys
  9 wights
  2 hounds (D:7)
  2 centaur zombies
  2 jellies
  An orc priest (D:4)
  A centaur skeleton (D:4)
  4 bullfrog skeletons
  An iguana (D:4)
  5 orc wizards
  A killer bee zombie (D:6)
  A hound skeleton (D:5)
  A howler monkey zombie (D:10)
  8 adders
  3 worms
  16 orcs
  9 ball pythons
  6 bats
  9 endoplasms
  A giant cockroach (D:3)
  7 goblins
  9 hobgoblins
  16 kobolds
  4 quokkas
  5 frilled lizards
  8 rats
231 creatures vanquished.

Vanquished Creatures (collateral kills)
  A two-headed ogre (D:8)
  5 orcs (D:8)
6 creatures vanquished.

Vanquished Creatures (others)
  A fungus (Lair:1)
  A plant (Lair:1)
2 creatures vanquished.

Grand Total: 239 creatures vanquished

Notes
Turn   | Place    | Note
-------+----------+-------------------------------------------
     0 | D:1      | drugrobin the Demigod Warper began the quest for the Orb.
     0 | D:1      | Reached XP level 1. HP: 17/17 MP: 5/5
    60 | D:1      | Reached skill level 2 in Polearms
   491 | D:1      | Reached XP level 2. HP: 21/24 MP: 7/7
   537 | D:1      | Learned a level 2 spell: Blink
  1048 | D:2      | Reached skill level 3 in Polearms
  1119 | D:2      | Noticed Terence
  1669 | D:2      | Reached XP level 3. HP: 20/29 MP: 8/8
  1767 | D:2      | Learned a level 3 spell: Teleport Other
  2264 | D:2      | Found Toxedan's Weapon Shop.
  2294 | D:2      | Identified the +2 leather armour of Poor Excuses {+Blink
                  | Will+ Regen+}
  2391 | D:3      | Found Laxenux's General Store.
  2442 | D:3      | Reached skill level 4 in Polearms
  2463 | D:3      | Reached XP level 4. HP: 33/36 MP: 9/9
  2547 | D:3      | Bought a scroll of identify for 24 gold pieces
  2869 | D:4      | Found Roning's Armour Emporium.
  2951 | D:4      | Bought a +0 pair of gloves for 54 gold pieces
  2951 | D:4      | Bought a +0 helmet for 54 gold pieces
  2977 | D:4      | Found Van Idy's Assorted Antiques.
  2986 | D:4      | Bought a scroll of identify for 52 gold pieces
  2986 | D:4      | Bought a scroll of identify for 52 gold pieces
  3062 | D:4      | Reached skill level 5 in Polearms
  3062 | D:4      | Reached XP level 5. HP: 41/41 MP: 8/10
  3063 | D:4      | Found Ozinn's Assorted Antiques.
  3166 | D:4      | HP: 2/41 [iguana (12)]
  3347 | D:4      | Reached skill level 6 in Polearms
  3347 | D:4      | Reached XP level 6. HP: 41/48 MP: 4/11
  3725 | D:5      | Entered Level 5 of the Dungeon
  3933 | D:5      | Reached skill level 7 in Polearms
  3969 | D:5      | Reached XP level 7. HP: 27/53 MP: 12/12
  4082 | D:5      | Found Bihouhunu's Magic Scroll Boutique.
  4086 | D:5      | Bought a scroll of enchant weapon for 90 gold pieces
  4247 | D:5      | Reached skill level 8 in Polearms
  5040 | D:6      | Reached skill level 9 in Polearms
  5245 | D:6      | Noticed Grinder
  5267 | D:6      | Killed Grinder
  5268 | D:6      | Reached XP level 8. HP: 52/60 MP: 13/13
  5341 | D:6      | Reached skill level 10 in Polearms
  5783 | D:7      | Found a staircase to the Ecumenical Temple.
  5871 | D:7      | Reached skill level 11 in Polearms
  6662 | Temple   | Entered the Ecumenical Temple
  6692 | D:8      | Learned a level 3 spell: Gell's Gravitas
  6707 | D:7      | Reached XP level 9. HP: 52/67 MP: 14/14
  6798 | D:8      | Reached skill level 12 in Polearms
  7643 | D:8      | Noticed Maurice
  7648 | D:8      | Killed Maurice
  7649 | D:8      | Reached skill level 13 in Polearms
  7920 | D:8      | Noticed Grum
  7987 | D:8      | Killed Grum
  8047 | D:8      | Noticed a two-headed ogre
  8082 | D:8      | Killed a two-headed ogre
  8083 | D:8      | Reached XP level 10. HP: 72/73 MP: 15/15
  8091 | D:8      | Reached skill level 14 in Polearms
  8393 | D:8      | Identified the +1 hat of Eternity {SInv}
  8658 | D:9      | HP: 3/73 [poisoned by a killer bee]
  8834 | D:9      | Noticed a two-headed ogre
  8871 | D:9      | Killed a two-headed ogre
  9069 | D:9      | Found a staircase to the Orcish Mines.
  9215 | D:9      | Found a staircase to the Lair.
  9519 | D:9      | Reached skill level 15 in Polearms
  9733 | D:10     | Entered Level 10 of the Dungeon
  9995 | D:3      | Bought a +2 cloak of preservation for 258 gold pieces
 10151 | D:10     | Noticed a two-headed ogre
 10246 | Lair:1   | Entered Level 1 of the Lair of Beasts
 10269 | Lair:1   | Noticed a seven-headed hydra
 10745 | D:10     | Killed a two-headed ogre
 10863 | D:10     | Noticed a manticore
 10877 | D:10     | Killed a manticore
 10878 | D:10     | Reached XP level 11. HP: 55/79 MP: 17/17
 11536 | D:11     | Reached skill level 16 in Polearms
 11536 | D:11     | Reached skill level 1 in Evocations
 12169 | D:12     | Found Onecleoc's General Store.
 12177 | D:12     | Bought a potion of haste for 160 gold pieces
 12249 | D:12     | Noticed a tengu warrior
 12252 | D:12     | You fall into a shaft and drop 3 floors!
 12252 | D:15     | Entered Level 15 of the Dungeon
 12275 | D:15     | Noticed a deep elf pyromancer
 12412 | D:14     | Noticed a boulder beetle
 12436 | D:14     | Killed a boulder beetle
 12550 | D:14     | Noticed a centaur warrior
 12629 | D:12     | Noticed a boulder beetle
 12641 | D:12     | Killed a boulder beetle
 12650 | D:12     | Noticed a two-headed ogre
 12669 | D:12     | Killed a two-headed ogre
 12837 | D:12     | You fall into a shaft and drop 1 floor!
 12886 | D:13     | Found a runed translucent door.
 12886 | D:13     | Noticed an eight-headed hydra
 12911 | D:13     | Noticed a tengu warrior
 12936 | D:13     | Reached skill level 5 in Evocations
 13138 | D:13     | Noticed a centaur warrior
 13153 | D:13     | Shot with an arrow by a centaur warrior

Illustrated notes

Levels and vault maps discovered:
D:1:      minmay_arrival_wavy_path, layout_basic, eino_curves_01
D:2:      layout_rooms, serial_shops, shop_coins, ebering_ecumenical_altar_box,
          basic_altar, minmay_misc_feat_columns, minmay_octomino_e4,
          uniq_terence
D:3:      layout_rooms, serial_shops, shop_statue
D:4:      layout_cave_pools, serial_shops, nicolae_shop_window_shopping,
          nicolae_diamond_shop, shop
D:5:      layout_rooms, mainiacjoe_overflow_cross_hatched,
          mainiacjoe_overflow_catwalk, serial_shops,
          nicolae_shop_hallway_stairs, chequers_decorated_corner,
          minmay_misc_feat_alley, guppyfry_early_lair_pool
D:6:      layout_loops_ring, nicolae_overflow_quartered_altars,
          minmay_pentangle, uniq_grinder
D:7:      layout_basic, vehumet_statue, minmay_temple_entry_wispy,
          kennysheep_generic_room_7
D:8:      layout_basic, mainiacjoe_overflow_tiny_flanked, the_hattery,
          uniq_maurice, uniq_grum
D:9:      layout_basic, mainiacjoe_overflow_small_starburst, lair_entry_dummy,
          orc_0_dummy, roderic_st_hans_cross
D:10:     layout_loops_ring
D:11:     layout_irregular_city
D:12:     layout_irregular_city, serial_shops, shop, minmay_shop_grid_forest
D:13:     minmay_expanding_circles, layout_loops_cross,
          hangedman_decor_diamond_cutter
D:14:     layout_stronghold, david_vaults_3, nicolae_qazlal_scattered_showers,
          minmay_unpleasant_kobolds
D:15:     hangedman_depths_entry_civil_slaughter, layout_irregular_city,
          uniq_josephine
Temple:   nicolae_temple_figure_eight
Lair:1:   layout_roguey, grunt_forest_small_clearing_treed, lemuel_fruit_tree

Skill      XL: |  1  2  3  4  5  6  7  8  9 10 11 |
---------------+----------------------------------+-----
Polearms       | 2 3 4 5 6 7 9 11 13 15 16 | 16.7
Evocations     | 5 |  5.3
Fighting       | |  1.7
Throwing       | |  0.8
Armour         | |  0.8
Dodging        | |  1.7
Spellcasting   | |  1.7
Translocations | |  2.6

Action                   |  1- 3 |  4- 6 |  7- 9 | 10-12 || total
-------------------------+-------+-------+-------+-------++-------
Melee: Spear             |   212 |   247 |   174 |       ||   633
       Punch             |     2 |     2 |     1 |       ||     5
       Dagger            |       |     4 |     4 |     9 ||    17
       Halberd           |       |       |   256 |   400 ||   656
 Fire: Hunting sling     |       |       |    14 |       ||    14
       Hand crossbow     |       |       |       |    22 ||    22
Throw: Dart              |     2 |     7 |     3 |    15 ||    27
       Javelin           |     1 |     6 |    12 |     4 ||    23
       Throwing net      |       |       |     1 |       ||     1
 Cast: Blink             |     3 |     6 |     4 |     6 ||    19
       Teleport Other    |       |     1 |     2 |     1 ||     4
       Gell's Gravitas   |       |       |     2 |     2 ||     4
Evoke: Wand              |       |       |     7 |     9 ||    16
  Use: Scroll            |       |     3 |     5 |     9 ||    17
       Potion            |       |       |       |     2 ||     2
 Stab: Sleeping          |       |       |       |     1 ||     1
Armor: Leather armour    |    50 |    83 |   134 |   107 ||   374
       Skin              |       |       |       |     6 ||     6
Dodge: Dodged            |   102 |   104 |   157 |   191 ||   554

Table legend: (Time is in decaauts)
 A = Elapsed time spent in this place.
 B = Non-inter-level travel time spent in this place.
 C = Inter-level travel time spent in this place.
 D = Time resting spent in this place.
 E = Time spent auto-exploring this place.
 F = Levels seen in this place.
 G = Mean time per level.
                   A        B        C        D        E       F      G
               +--------+--------+--------+--------+--------+-----+--------+
         Total |  12925 |  12272 |    653 |   2242 |   6437 |  17 |  760.3 |
       Dungeon |  12895 |  12242 |    653 |   2240 |   6437 |  15 |  859.7 |
        Temple |      1 |      1 |      0 |      0 |      0 |   1 |    1.0 |
          Lair |     29 |     29 |      0 |      2 |      0 |   1 |   29.0 |
               +--------+--------+--------+--------+--------+-----+--------+

Top non-repeatable levels by time:
     D:8: 1728 daAuts
     D:9: 1515 daAuts
     D:1: 1407 daAuts
     D:7: 1234 daAuts
     D:6: 1026 daAuts
    D:10: 1010 daAuts
     D:2: 966 daAuts
     D:5: 859 daAuts
    D:11: 835 daAuts
     D:4: 783 daAuts
     D:3: 579 daAuts
    D:13: 352 daAuts
    D:12: 301 daAuts
    D:14: 255 daAuts
    D:15: 39 daAuts
